 Dungeon Crawl Stone Soup version 0.30-a0-219-gf2db51d15e (webtiles) character file.

Game seed: 17355321050519344731

12 tombik the Vexing (level 2, 0/20 HPs)
             Began as a Gnoll Wanderer on Oct 6, 2022.
             Slain by a frilled lizard (2 damage)
             ... on level 2 of the Dungeon.
             The game lasted 00:05:11 (450 turns).

tombik the Vexing (Gnoll Wanderer)                   Turns: 450, Time: 00:05:12

Health: 0/20       AC:  2    Str:  7 (10) XL:     2   Next: 33%
Magic:  4/5        EV: 12    Int: 12 (15) God:
Gold:   83         SH:  0    Dex:  7 (8)  Spells: 5/6 levels left

rFire   . . .      SeeInvis .    a - +0 sling
rCold   . . .      Faith    .    (no shield)
rNeg    . . .      Spirit   .    e - +0 robe
rPois   .          Reflect  .    (no helmet)
rElec   .          Harm     .    (no cloak)
rCorr   .          Rampage  .    (no gloves)
Will    .....                    (no boots)
Stlth   +.........               (no amulet)
HPRegen 0.23/turn                (no ring)
MPRegen 0.09/turn                (no ring)

@: no status effects
A: fangs 1, strong nose, distributed training
a: no special abilities


You were on level 2 of the Dungeon.
You visited 1 branch of the dungeon, and saw 2 of its levels.

You collected 83 gold pieces.

Inventory:

Hand Weapons
 a - a +0 sling (weapon)
 c - a +0 dagger
Missiles
 b - 11 poisoned darts
 f - 2 silver javelins
Armour
 e - a +0 robe (worn)
Potions
 g - a potion of degeneration (quivered)


   Skills:
 + Level 0.4 Fighting
 + Level 0.4 Short Blades
 + Level 0.4 Long Blades
 + Level 0.4 Axes
 + Level 0.4 Maces & Flails
 + Level 0.4 Polearms
 + Level 0.4 Staves
 + Level 2.5 Ranged Weapons
 + Level 4.5 Throwing
 + Level 2.5 Armour
 + Level 2.5 Dodging
 + Level 0.4 Stealth
 + Level 0.4 Shields
 + Level 0.4 Unarmed Combat
 + Level 2.7 Spellcasting
 + Level 0.2 Conjurations
 + Level 5.3 Hexes
 + Level 0.2 Summonings
 + Level 0.2 Necromancy
 + Level 0.2 Translocations
 + Level 0.2 Transmutations
 + Level 0.2 Fire Magic
 + Level 0.2 Ice Magic
 + Level 0.2 Air Magic
 + Level 0.2 Earth Magic
 + Level 0.2 Poison Magic
 + Level 0.5 Invocations
 + Level 2.5 Evocations


You had 5 spell levels left.
You knew the following spells:

 Your Spells              Type           Power      Damage    Failure   Level
a - Slow                  Hex            56%        N/A       2%          1

Your spell library contained the following spells:

 Spells                   Type           Power      Damage    Failure   Level
 Summon Guardian Golem    Hex/Summ       8%         N/A       24%         3
 Leda's Liquefaction      Hex/Erth       4%         N/A       61%         4


Dungeon Overview and Level Annotations

Branches:
Dungeon (1/15)

Altars:


Innate Abilities, Weirdness & Mutations

You have very sharp teeth.
Your uncanny sense of smell can sniff out nearby items.
Your experience applies equally to all skills.


Message History

The sling bullet closely misses the frilled lizard.
The frilled lizard completely misses you.
You shoot a sling bullet.
The sling bullet completely misses the frilled lizard.
The frilled lizard bites you but does no damage.
Press: ? - help, v - describe, . - travel
Here: a frilled lizard The floor.
Unknown command.
You aren't carrying any scrolls.
Casting: Slow (safe; 2% risk of failure)
Confirm with . or Enter, or press ? or * to list all spells.
Aiming: Slow (safe; 2% risk of failure)
Press: ? - help, Shift-Dir - straight line, f/p - frilled lizard
Aim: a frilled lizard (chance to affect: 71%)
The frilled lizard struggles to resist.
The frilled lizard bites you.
* * * LOW HITPOINT WARNING * * *
You shoot a sling bullet.
The sling bullet closely misses the frilled lizard.
The frilled lizard bites you.
* * * LOW HITPOINT WARNING * * *
The frilled lizard barely misses you.
You shoot a sling bullet.
The sling bullet closely misses the frilled lizard.
The frilled lizard bites you.
* * * LOW HITPOINT WARNING * * *
You shoot a sling bullet.
The sling bullet barely misses the frilled lizard.
The frilled lizard bites you but does no damage.
You shoot a sling bullet.
The sling bullet completely misses the frilled lizard.
The frilled lizard bites you but does no damage.
You shoot a sling bullet.
The sling bullet hits the frilled lizard but does no damage.
The frilled lizard barely misses you. The frilled lizard bites you.
* * * LOW HITPOINT WARNING * * *
You shoot a sling bullet.
The sling bullet closely misses the frilled lizard.
The frilled lizard bites you.
You die...

#### #..#
##@###
#.)l.#
###..#
##.......
###..#.
... #.


You could see a frilled lizard.

Vanquished Creatures
  A dart slug (D:1)
  A ball python (D:1)
  2 endoplasms (D:1)
  2 goblins (D:1)
  A hobgoblin (D:1)
  2 kobolds
9 creatures vanquished.

Notes
Turn   | Place    | Note
-------+----------+-------------------------------------------
     0 | D:1      | tombik the Gnoll Wanderer began the quest for the Orb.
     0 | D:1      | tombik set off with the following items: a +0 sling, 11
                  | poisoned darts, a +0 dagger, a scroll of fear, a +0 robe;
                  | and the following spell memorised: Slow; and the following
                  | spells available to memorise: Summon Guardian Golem, Leda's
                  | Liquefaction.
     0 | D:1      | Reached XP level 1. HP: 13/13 MP: 4/4
     0 | D:1      | Noticed a minotaur
     0 | D:1      | Noticed a human
     1 | D:1      | Noticed a demonspawn
     1 | D:1      | Noticed a tengu
     5 | D:1      | Noticed a formicid
     7 | D:1      | Noticed a merfolk
     8 | D:1      | Noticed a demigod
     9 | D:1      | Noticed a dwarf
    10 | D:1      | Noticed a barachi
    14 | D:1      | Noticed an octopode
    19 | D:1      | Noticed an ogre
    21 | D:1      | Noticed a human
    21 | D:1      | Noticed an ogre
    21 | D:1      | Noticed a draconian
   280 | D:1      | Reached XP level 2. HP: 3/19 MP: 5/5
   416 | D:1      | You fall into a shaft and drop 1 floor!
   450 | D:2      | Slain by a frilled lizard

Illustrated notes

Levels and vault maps discovered:
D:1:      shiori_arrival_whats_in_store_for_you, layout_loops_ring,
          hellmonk_ecumenical_altar_arch_garden, dreamdust_wishing_well
D:2:      layout_rooms, wad_floor_pattern_2, st_stairs_2, grunt_decor_resistance

Action                   || total
-------------------------++-------
 Fire: Sling             ||    56
Throw: Dart              ||     1
 Cast: Slow              ||     1
  Use: Potion            ||     1
       Scroll            ||     1
Armor: Robe              ||     6
Dodge: Dodged            ||    21

Table legend: (Time is in decaauts)
 A = Elapsed time spent in this place.
 B = Non-inter-level travel time spent in this place.
 C = Inter-level travel time spent in this place.
 D = Time resting spent in this place.
 E = Time spent auto-exploring this place.
 F = Levels seen in this place.
 G = Mean time per level.
                   A        B        C        D        E       F      G
               +--------+--------+--------+--------+--------+-----+--------+
         Total |    465 |    465 |      0 |      0 |    327 |   2 |  232.5 |
       Dungeon |    465 |    465 |      0 |      0 |    327 |   2 |  232.5 |
               +--------+--------+--------+--------+--------+-----+--------+

Top non-repeatable levels by time:
     D:1: 425 daAuts
     D:2: 39 daAuts
